 Dungeon Crawl Stone Soup version 0.23.2 (webtiles) character file.

Game seed: 141612105201400749

23 esteth the Magician (level 2, -3/20 HPs)
             Began as a Gnoll Wizard on Apr 10, 2019.
             Slain by a white imp (5 damage)
             ... summoned by Natasha
             ... on level 4 of the Dungeon.
             The game lasted 00:02:01 (670 turns).

esteth the Magician (Gnoll Wizard)                   Turns: 670, Time: 00:02:03

Health: -3/20      AC:  5    Str:  9    XL:     2   Next: 95%
Magic:  10/10      EV: 14    Int: 20    God:
Gold:   69         SH:  0    Dex: 13    Spells: 10/15 levels left

rFire    . . .     SeeInvis .   g - +0 whip
rCold    . . .     Gourm    .   (no shield)
rNeg     . . .     Faith    .   a - +0 robe
rPois    .         Spirit   .   b - +0 hat
rElec    .         Reflect  .   (no cloak)
rCorr    .         Harm     .   j - +2 pair of gloves
MR       .....                  (no boots)
Stlth    +++.......             (no amulet)
HPRegen  0.06/turn              (no ring)
MPRegen  0.12/turn              (no ring)

@: very slightly contaminated, slowed, very slow
A: distributed training, fangs 1, strong nose
a: no special abilities


You were on level 4 of the Dungeon.
You were not hungry.

You visited 1 branch of the dungeon, and saw 3 of its levels.

You collected 69 gold pieces.

Inventory:

Hand Weapons
 g - a +0 whip (weapon)
Armour
 a - a +0 robe (worn)
 b - a +0 hat (worn)
 j - a +2 pair of gloves (worn)
Scrolls
 e - 3 scrolls of random uselessness
Comestibles
 d - 2 rations


   Skills:
 + Level 0.5 Fighting
 + Level 0.5 Short Blades
 + Level 0.5 Long Blades
 + Level 0.5 Axes
 + Level 0.5 Maces & Flails
 + Level 0.5 Polearms
 + Level 0.5 Staves
 + Level 0.5 Slings
 + Level 0.5 Bows
 + Level 0.5 Crossbows
 + Level 0.5 Throwing
 + Level 0.5 Armour
 + Level 4.5 Dodging
 + Level 4.1 Stealth
 + Level 0.5 Shields
 + Level 0.5 Unarmed Combat
 + Level 7.1 Spellcasting
 + Level 2.0 Conjurations
 + Level 0.4 Hexes
 + Level 0.4 Charms
 + Level 2.0 Summonings
 + Level 0.4 Necromancy
 + Level 2.0 Translocations
 + Level 0.4 Transmutations
 + Level 0.4 Fire Magic
 + Level 0.4 Ice Magic
 + Level 0.4 Air Magic
 + Level 0.4 Earth Magic
 + Level 0.4 Poison Magic
 + Level 0.7 Invocations
 + Level 0.5 Evocations


You had 10 spell levels left.
You knew the following spells:

 Your Spells              Type           Power        Failure   Level  Hunger
a - Magic Dart            Conj           ###.         4%          1    None
b - Blink                 Tloc           N/A          6%          2    None
c - Call Imp              Summ           ###.....     6%          2    None

Your spell library contained the following spells:

 Spells                   Type           Power        Failure   Level  Hunger
 Slow                     Hex            #.......     12%         2    None
 Conjure Flame            Conj/Fire      ##......     17%         3    #......
 Mephitic Cloud           Conj/Pois/Air  ##......     19%         3    #......


Dungeon Overview and Level Annotations

Branches:
Dungeon (1/15)

Altars:

Annotations:
D:4 Natasha


Innate Abilities, Weirdness & Mutations

Your experience applies equally to all skills.
You have very sharp teeth.
Your uncanny sense of smell can sniff out nearby items.


Message History

* * * LOW HITPOINT WARNING * * *
You feel sick.
You are no longer poisoned.
The giant cockroach barely misses you.
You barely miss the giant cockroach. The giant cockroach misses you.
Natasha mumbles some strange words.
The giant cockroach closely misses you.
You hit the giant cockroach.
The giant cockroach is severely wounded.
Natasha casts a spell.
The giant cockroach barely misses you.
The crimson imp shouts, "Escape, thou horrid idle-headed minnow reeky!"
The white imp hits you but does no damage.
The giant cockroach misses you.
You barely miss the giant cockroach.
The giant cockroach is severely wounded.
The giant cockroach misses you. The white imp hits you.
* * * LOW HITPOINT WARNING * * *
The white imp freezes you.
You die...

,,,,,,,* *,,,* ****, *,,,,,,*
**,,* *,,,, *,,,,,,* *,,* *,***
,∆*,**** *,,*********,* ***,*
*,>,,,,,,,,*,*
*,**********#########****,*,***
*,,,,,,,,,,,,...[...### *,*,,,,
################5.......##*,*****
...........5Oahs@.........,,,,***
...........#####5..$....#*,,,,,,,
...........# #$.......#*,,,,,,,
...........# #..).....#*,,,,,,,
...........# #........#*,,,,,,,
...........# #........#**,*,***
.........?)# #........# *,*,***
....?......#***#........# *,*,,,,
,,,,,,,,,,,**<*######.### *,*****


You could see an ogre (inner flame), a worker ant (inner flame), Natasha (inner
flame), a crimson imp, a white imp, a shadow imp and a giant cockroach (inner
flame).

Vanquished Creatures
  A dart slug (D:1)
  A leopard gecko (D:1)
  An orc (D:4)
  A giant cockroach (D:1)
  3 goblins (D:1)
  A hobgoblin (D:1)
  4 kobolds (D:1)
  2 ball pythons (D:1)
  2 bats
  3 rats
19 creatures vanquished.

Notes
Turn   | Place    | Note
-------+----------+-------------------------------------------
     0 | D:1      | esteth the Gnoll Wizard began the quest for the Orb.
     0 | D:1      | Reached XP level 1. HP: 13/13 MP: 8/8
   156 | D:1      | Reached XP level 2. HP: 19/19 MP: 5/10
   194 | D:1      | Learned a level 2 spell: Blink
   197 | D:1      | Learned a level 2 spell: Call Imp
   600 | D:1      | You fall through a shaft!
   621 | D:2      | You fall through a shaft for 2 floors!
   622 | D:4      | Noticed an ogre
   650 | D:4      | Noticed Natasha
   655 | D:4      | Noticed an ogre
   663 | D:4      | Noticed a crimson imp
   670 | D:4      | Slain by a white imp

Skill      XL: |  1 |
---------------+----+-----
Conjurations   | 2 |  2.0
Summonings     | 2 |  2.0
Translocations | 2 |  2.0
Fighting       | |  0.5
Short Blades   | |  0.5
Long Blades    | |  0.5
Axes           | |  0.5
Maces & Flails | |  0.5
Polearms       | |  0.5
Staves         | |  0.5
Slings         | |  0.5
Bows           | |  0.5
Crossbows      | |  0.5
Throwing       | |  0.5
Armour         | |  0.5
Dodging        | |  4.5
Stealth        | |  4.1
Shields        | |  0.5
Unarmed Combat | |  0.5
Spellcasting   | |  7.1
Hexes          | |  0.4
Charms         | |  0.4
Necromancy     | |  0.4
Transmutations | |  0.4
Fire Magic     | |  0.4
Ice Magic      | |  0.4
Air Magic      | |  0.4
Earth Magic    | |  0.4
Poison Magic   | |  0.4
Invocations    | |  0.7
Evocations     | |  0.5

Action                   || total
-------------------------++-------
Melee: Whip              ||    20
 Cast: Magic Dart        ||    26
  Use: Scroll            ||     4
 Stab: Sleeping          ||     2
Armor: Robe              ||     4
Dodge: Dodged            ||    31
